 Dungeon Crawl Stone Soup version 0.27.0-66-gdc8fb28755 (webtiles) character file.

Game seed: 14858419234336051803

2 ZARRMARR the Skirmisher (level 1, 0/19 HPs)
             Began as a Palentonga Fighter on Aug 20, 2021.
             Slain by a jackal (1 damage)
             ... on level 1 of the Dungeon.
             The game lasted 00:00:43 (13 turns).

ZARRMARR the Skirmisher (Palentonga Fighter)          Turns: 13, Time: 00:00:44

Health: 0/19       AC:  6    Str: 19    XL:     1   Next: 33%
Magic:  1/1        EV:  5    Int:  8    God:
Gold:   0          SH:  8    Dex:  9    Spells: 0/0 levels left

rFire    . . .     SeeInvis +   a - +0 flail
rCold    . . .     Faith    .   c - +0 kite shield
rNeg     . . .     Spirit   .   b - +0 scale mail
rPois    .         Reflect  .   (no helmet)
rElec    .         Harm     .   (no cloak)
rCorr    .         Rampage  .   (no gloves)
Will     .....                  (no barding)
Stlth    ..........             (no amulet)
HPRegen  0.06/turn              (no ring)
MPRegen  0.07/turn              (no ring)

@: mighty
A: large, rugged brown scales 3, see invisible, deformed body, roll 1, armoured
tail
a: Rolling Charge


You were on level 1 of the Dungeon.
You visited 1 branch of the dungeon, and saw 1 of its levels.

Inventory:

Hand Weapons
 a - a +0 flail (weapon)
Armour
 b - a +0 scale mail (worn)
 c - a +0 kite shield (worn)


   Skills:
 + Level 3.1 Fighting
 + Level 2.0 Maces & Flails
 + Level 2.4 Armour
 + Level 2.4 Shields


You couldn't memorise any spells.
You didn't know any spells.
Your spell library was empty.

Dungeon Overview and Level Annotations

Branches:
Dungeon (1/15)

Altars:


Innate Abilities, Weirdness & Mutations

You are completely covered in rugged brown scales. (AC +3, +7% HP)
You have supernaturally acute eyesight. (SInv)
Armour fits poorly on your strangely shaped body.
You can roll at nearby foes to attack.
You have a long armoured tail.


Message History

The jackal bites you.
You sock the jackal!
You kill the jackal!
The jackal barely misses you. You block the jackal's attack.
The jackal bites you but does no damage.
The jackal barely misses you. You block the ball python's attack.
The jackal barely misses you. You block the jackal's attack.
The jackal bites you but does no damage.
You bludgeon the ball python!!
You kill the ball python!
You block the jackal's attack.
The jackal bites you but does no damage.
The jackal bites you.
The jackal bites you but does no damage. x2
The giant cockroach bites you. You block the jackal's attack.
You barely miss the goblin.
The jackal bites you but does no damage. x2
You block the jackal's attack.
The giant cockroach bites you but does no damage.
The goblin hits you but does no damage. The jackal barely misses you.
The jackal bites you but does no damage.
The jackal barely misses you.
You miss the goblin. You block the giant cockroach's attack.
You block the jackal's attack.
The jackal bites you but does no damage.
The jackal bites you. The goblin hits you with a +0 dagger.
You block the giant cockroach's attack. The jackal bites you.
* * * LOW HITPOINT WARNING * * *
The jackal bites you but does no damage.
The jackal bites you.
* * * LOW HITPOINT WARNING * * *
The goblin hits you but does no damage.
You closely miss the goblin. You block the jackal's attack.
The jackal bites you but does no damage.
The jackal closely misses you. The giant cockroach bites you.
* * * LOW HITPOINT WARNING * * *
The goblin hits you with a +0 dagger.
* * * LOW HITPOINT WARNING * * *
The jackal bites you.
You die...

#. #.......# #..
#.......# #..#
##.......##
#...###.........###
#..................
##..................
......h.g...........
#...gh@....<.......
##...h†B...........
#....$............
#.................
#..###.........###
#.# ##.......## #.
#.......# #
#.......# .........#


You could see 3 jackals, a giant cockroach and 2 goblins.

Vanquished Creatures
  A jackal (D:1)
  2 ball pythons (D:1)
3 creatures vanquished.

Notes
Turn   | Place    | Note
-------+----------+-------------------------------------------
     0 | D:1      | ZARRMARR the Palentonga Fighter began the quest for the
                  | Orb.
     0 | D:1      | Reached XP level 1. HP: 19/19 MP: 1/1
    13 | D:1      | Slain by a jackal

Illustrated notes

Levels and vault maps discovered:
D:1:      minmay_arrival_four_circles, layout_loops_ring

Action                   || total
-------------------------++-------
Melee: Flail             ||     9
 Abil: Rolling Charge    ||     1
  Use: Potion            ||     1
Armor: Scale mail        ||    29
Dodge: Dodged            ||     9
Block: Kite shield       ||    19
